 Dungeon Sprint DCSS version 0.28-a0-317-g21599a725c (webtiles) character file.

Game seed: 14275701177745182381

12 McIrco the Cutter (level 2, -3/19 HPs)
             Began as a Kobold Berserker on Sept 1, 2021.
             Was a Believer of Trog.
             Killed from afar by a rime drake (shapeshifter) (22 damage)
             ... with a flash freeze
             ... in the Dungeon (Sprint V: "Ziggurat Sprint").
             The game lasted 00:02:29 (188 turns).

McIrco the Cutter (Kobold Berserker)                 Turns: 188, Time: 00:02:30

Health: -3/19      AC: 20    Str: 14    XL:     2   Next: 45%
Magic:  2/2        EV:  1    Int:  8    God:    Trog [**....]
Gold:   0          SH:  9    Dex: 26    Spells: 1/1 levels left

rFire   + . .      SeeInvis .   G - +5 quick blade
rCold   + . .      Faith    .   m - +3 buckler
rNeg    + . .      Spirit   .   J - +8 gold dragon scales "Dusaetyl" {Fly rPois rF+ rC+ rN+}
rPois   +          Reflect  .   (no helmet)
rElec   .          Harm     .   (no cloak)
rCorr   .          Rampage  .   (no gloves)
Will    .....      NoTele   +   (no boots)
Stlth   ..........              (no amulet)
HPRegen 0.06/turn               x - +6 ring of dexterity
MPRegen 0.08/turn               y - +6 ring of dexterity

@: flying
A: small, no large weapons, nightstalker 3
a: Renounce Religion, Berserk, Trog's Hand


You were in the Dungeon.
You worshipped Trog.
Trog was pleased with you.
You visited 1 branch

Inventory:

Hand Weapons
 a - a +0 short sword
 G - a +5 quick blade (weapon)
Armour
 b - a +0 animal skin
 i - a +5 crystal plate armour
 j - +5 fire dragon scales
 k - +5 gold dragon scales
 l - +5 shadow dragon scales
 m - a +3 buckler (worn)
 n - a +3 kite shield
 J - the +8 gold dragon scales "Dusaetyl" (worn) {Fly rPois rF+ rC+ rN+}
   (You found it in the Dungeon)

   rF:        It protects you from fire.
   rC:        It protects you from cold.
   rPois:     It protects you from poison.
   rN:        It protects you from negative energy.
   Fly:       It grants you flight.
Jewellery
 w - a ring of flight
 x - a +6 ring of dexterity (left hand)
 y - a +6 ring of dexterity (right hand)
 z - a +6 ring of intelligence
 A - a +6 ring of intelligence
 B - a +6 ring of strength
 C - a +6 ring of strength
Wands
 D - a wand of mindburst (7)
 E - a wand of iceblast (7)
 F - a wand of acid (7)
Scrolls
 h - 4 scrolls of blinking
 s - 7 scrolls of fog
 t - a scroll of holy word
 u - 5 scrolls of identify
 v - 2 scrolls of fear
Potions
 c - 10 potions of curing
 d - 10 potions of heal wounds
 e - 6 potions of haste
 f - 7 potions of magic
 g - 3 potions of berserk rage
 o - 2 potions of invisibility
 p - 4 potions of resistance
 q - a potion of experience
 r - 5 potions of might
Miscellaneous
 H - a lightning rod (4/4)
 I - a phial of floods (inert)


   Skills:
 - Level 3.2 Fighting
 + Level 7.2 Short Blades
 - Level 1.5 Armour
 - Level 2.4 Dodging


You had one spell level left.
You didn't know any spells.
Your spell library was empty.

Dungeon Overview and Level Annotations

Branches:
Dungeon (1/1)

Altars:
Ashenzari
Cheibriados
Dithmenos
Elyvilon
Fedhas
Gozag
Hepliaklqana
Kikubaaqudgha
Makhleb
Nemelex Xobeh
Okawaru
Qazlal
Ru
Sif Muna
Trog
Uskayaw
Vehumet
Wu Jian
Xom
Yredelemnul
Zin
The Shining One
Beogh
Jiyva
Lugonu


Innate Abilities, Weirdness & Mutations

You are small and have problems with some larger weapons.
You are completely attuned to the shadows.


Message History

You kill the ball python!
Trog accepts your kill.
The helpless ball python fails to defend itself.
You impale the ball python!!
You kill the ball python!
Trog accepts your kill.
You see here a +1 short sword of draining.
Things that are here:
the +8 gold dragon scales "Dusaetyl" {Fly rPois rF+ rC+ rN+}; a ball python corpse
J - the +8 gold dragon scales "Dusaetyl" {Fly rPois rF+ rC+ rN+} Unknown command.
You see here a +1 short sword of draining.
You see here a +2 battleaxe of electrocution.
There is a transporter here.
You start removing your armour.
You continue taking off your +0 animal skin. x4
You finish taking off your +0 animal skin.
You start putting on your armour.
You continue putting on the +8 gold dragon scales "Dusaetyl" {Fly rPois rF+ rC+ rN+}. x5
You finish putting on the +8 gold dragon scales "Dusaetyl" {Fly rPois rF+ rC+ rN+}.
You fly up into the air.
Welcome to arena 3.
You enter the transporter and appear at another place.
A rime drake comes into view.
The rime drake hisses angrily.
You hear an angry hiss.
A boggart comes into view.
A basilisk comes into view.
You hear a shout!
Found the +3 scale mail of Haha {Will++}.
Unknown command.
Unknown command.
Aim the phial where?
Press: ? - help, Shift-Dir - straight line, f - rime drake
Aim: a rime drake The torrent of water misses the rime drake.
The wave splashes down.
The rime drake is engulfed in water.
The basilisk is engulfed in water.
The boggart is engulfed in water.
The rime drake breathes ice at you. The flash freeze hits you!!
You partially resist.
Ouch! That really hurt!
You die...

▓▓▓▓▓▓▓▓▓▓▓▓▓
▓.8©8.▓.8©8.▓
▓.†)).▓.....▓
▓.≈[l.▓.....▓...).▓
▓g≈k≈.▓.....▓.....▓
▓.≈≈≈.▓.....▓..†..▓
▓.....▓.....▓..©..▓
▓..@..▓..©..▓▓▓▓▓▓▓
▓▓▓▓▓▓▓▓▓▓▓▓▓


You could see a basilisk (waterlogged), a rime drake (catching breath,
waterlogged) and a boggart (waterlogged).

Vanquished Creatures
  An adder (D)
  4 ball pythons (D)
5 creatures vanquished.

Notes
Turn   | Place    | Note
-------+----------+-------------------------------------------
     0 | D        | McIrco the Kobold Berserker began the quest for the Orb.
     0 | D        | Reached XP level 1. HP: 14/14 MP: 1/1
     0 | D        | Found a glowing golden altar of the Shining One.
     1 | D        | Found a broken altar of Ashenzari.
     1 | D        | Found a snail-covered altar of Cheibriados.
     1 | D        | Found a shadowy altar of Dithmenos.
     7 | D        | Found a radiant altar of Vehumet.
    13 | D        | Found a sacrificial altar of Ru.
    13 | D        | Found a stormy altar of Qazlal.
    13 | D        | Found a shimmering blue altar of Sif Muna.
    13 | D        | Found an iron altar of Okawaru.
    15 | D        | Found a bloodstained altar of Trog.
    16 | D        | Found a hide-covered altar of Uskayaw.
    23 | D        | Found a white marble altar of Elyvilon.
    24 | D        | Found a blossoming altar of Fedhas.
    25 | D        | Found a viscous altar of Jiyva.
    25 | D        | Found a hazy altar of Hepliaklqana.
    25 | D        | Found a transporter.
    25 | D        | Found an opulent altar of Gozag.
    31 | D        | Found an ancient bone altar of Kikubaaqudgha.
    32 | D        | Found the +6 Majin-Bo {vamp, MP+6 Int+6}
    32 | D        | Found the +9 heavy crossbow "Sniper" {vorpal, Acc+∞ SInv}
    32 | D        | Found the +10 dark maul {vorpal}
    32 | D        | Found the +15 Maxwell's patent armour {-Cast -Tele rElec
                  | Will+ rCorr}
    32 | D        | Found the +18 shield of the Gong {rElec rN+ Will+ EV-5}
    32 | D        | Found the +14 obsidian axe {vorpal, Mesm Drain Fly SInv}
    33 | D        | Found a corrupted altar of Lugonu.
    33 | D        | Found the +7 great mace "Firestarter" {inner flame, rF++}
    33 | D        | Found the +6 shillelagh "Devastator" {shatter}
    33 | D        | Found the +11 plutonium sword {Contam Stlth-}
    33 | D        | Found the +8 lance "Wyrmbane" {slay drac, rPois rF+ rC+
                  | AC+3}
    33 | D        | Found the +9 sword of Zonguldrok {reap}
    33 | D        | Found the +13 scythe of Curses {drain, Drain}
    33 | D        | Found the +5 sword of Power {vorpal}
    33 | D        | Found the +7 mace of Variability {chain chaos}
    33 | D        | Found the +7 Singing Sword {vorpal, sonic wave}
    33 | D        | Found the +8 storm bow {elec, penet}
    35 | D        | Found a burning altar of Makhleb.
    36 | D        | Found a sparkling altar of Nemelex Xobeh.
   110 | D        | Entered arena 2.
   113 | D        | Reached skill level 5 in Short Blades
   114 | D        | Found a transporter.
   163 | D        | Entered arena 3.
   165 | D        | Found a transporter.
   168 | D        | Reached ** piety under Trog
   169 | D        | Reached skill level 7 in Short Blades
   169 | D        | Reached XP level 2. HP: 19/19 MP: 2/2
   173 | D        | Got the +8 gold dragon scales "Dusaetyl" {Fly rPois rF+ rC+
                  | rN+}
   187 | D        | Entered arena 4.
   187 | D        | Noticed a rime drake
   187 | D        | Noticed a boggart
   187 | D        | Noticed a basilisk
   188 | D        | Killed from afar by a rime drake (shapeshifter)

Illustrated notes

Levels and vault maps discovered:
D:        sprint_v [room_start, room_1, room_2, room_3, room_4, room_5, room_6,
          room_7, room_8, room_9, room_10, room_11, room_12, room_13, room_14,
          room_15, room_16, room_17, room_18, room_19, room_20, room_21,
          room_22, room_23, room_24, room_25, room_26, room_27]

Skill      XL: |  1 |
---------------+----+-----
Short Blades   | 7 |  7.2
Fighting       | |  3.2
Armour         | |  1.5
Dodging        | |  2.4

Action                   || total
-------------------------++-------
Melee: Quick blade       ||     5
Invok: Berserk           ||     1
Evoke: Phial of floods   ||     1
 Stab: Sleeping          ||     3

Table legend: (Time is in decaauts)
 A = Elapsed time spent in this place.
 B = Non-inter-level travel time spent in this place.
 C = Inter-level travel time spent in this place.
 D = Time resting spent in this place.
 E = Time spent auto-exploring this place.
 F = Levels seen in this place.
 G = Mean time per level.
                   A        B        C        D        E       F      G
               +--------+--------+--------+--------+--------+-----+--------+
         Total |    195 |    195 |      0 |     51 |     29 |   1 |  195.0 |
       Dungeon |    195 |    195 |      0 |     51 |     29 |   1 |  195.0 |
               +--------+--------+--------+--------+--------+-----+--------+

Top non-repeatable levels by time:
       D: 195 daAuts
